AoeStats
← MZTK | GaboxNet .i.

Arabia

504512907Analyzed
1v1 RM · 27d ago on Sep 5, 2026· 20m 37s· 2 players
Game mode
Random Map
Map size
Tiny (2 player)
Population
200
Speed
Normal
Resources
Standard
Victory
Conquest
Starting age
Dark Age
Ending age
Imperial Age
RankedLock teamsTeams togetherTeam positionsShared explorationLock speedFull tech treeHidden civsTurbo modeCheats
Victory
Defeat
🇧🇪 Inca · Belgium
1174
+17
🇲🇽 Malians · Mexico
1190
-17
jasper.vanzeebroeck
6:14 Loom
9:06 Feudal Age
9:11 Champi Runner
16:23 Fletching
MZTK | GaboxNet .i.
9:29 Feudal Age
9:32 Man-at-Arms
10:05 Loom
15:20 Double-Bit Axe
Connection lost

Rejoining the realm…

Still unreachable

The connection could not be restored.

Session expired

The server has moved on; the page needs a fresh start.